 Dungeon Crawl Stone Soup version 0.29.1-13-g9f3cf754e1 (webtiles) character file.

Game seed: 15894514360604361880

8468 Jabberih the Destroyer (level 11, 0/95 HPs)
             Began as a Red Draconian Conjurer on Feb 10, 2023.
             Was a Priest of Vehumet.
             Slain by a komodo dragon (11 damage)
             ... on level 10 of the Dungeon.
             The game lasted 00:31:33 (14879 turns).

Jabberih the Destroyer (Red Draconian Conjurer)    Turns: 14879, Time: 00:31:37

Health: 0/95       AC: 12    Str: 11    XL:     11   Next: 10%
Magic:  0/17       EV: 13    Int: 22    God:    Vehumet [***...]
Gold:   487        SH:  4    Dex:  9    Spells: 4/18 levels left

rFire   + . .      SeeInvis .   p - staff of conjuration
rCold   . . .      Faith    .   B - +0 buckler
rNeg    . . .      Spirit   +   (body armour unavailable)
rPois   .          Reflect  .   A - +1 hat
rElec   .          Harm     .   q - +2 cloak
rCorr   .          Rampage  .   v - +0 pair of gloves
Will    .....                   (no boots)
Stlth   ++........              b - amulet of guardian spirit
HPRegen 0.25/turn               h - ring of wizardry
MPRegen 0.15/turn               (no ring)

@: no status effects
A: breathe fire, AC +7, unfitting armour, fire resistance 1, cold-blooded
a: Breathe Fire, Renounce Religion


You were on level 10 of the Dungeon.
You worshipped Vehumet.
Vehumet was most pleased with you.
You visited 2 branches of the dungeon, and saw 11 of its levels.

You collected 487 gold pieces.

Inventory:

Hand Weapons
 c - a +0 club
 d - a +0 short sword
 e - a +5 trident of freezing
 m - a +3 vorpal flail
 x - a +5 short sword
Missiles
 k - 94 stones
 o - 12 poisoned darts
Armour
 q - a +2 cloak (worn)
 v - a +0 pair of gloves (worn)
 A - a +1 hat (worn)
 B - a +0 buckler (worn)
Magical Staves
 p - a staff of conjuration (weapon)
 t - a staff of fire
Jewellery
 b - an amulet of guardian spirit (around neck)
 h - a ring of wizardry (left hand)
Wands
 a - a wand of flame (32)
 y - a wand of roots (13)
Scrolls
 w - 5 scrolls of teleportation
 z - 3 scrolls of identify
 C - a scroll of enchant weapon
 E - a scroll of noise {unknown}
 F - a scroll of magic mapping {unknown}
 G - a scroll of enchant armour {unknown}
Potions
 f - a potion of cancellation
 g - 3 potions of flight
 i - 3 potions of brilliance
 j - 3 potions of might
 l - 4 potions of heal wounds
 n - 2 potions of curing {unknown}
 r - a potion of lignification {unknown}
 s - 2 potions of degeneration {unknown}
 u - a potion of mutation {unknown}
 D - a potion of attraction {unknown}


   Skills:
 + Level 8.5 Fighting
 - Level 0.4 Short Blades
 - Level 0.1 Maces & Flails
 + Level 7.9 Dodging
 - Level 1.7 Stealth
 - Level 4.0 Shields
 - Level 1.3 Unarmed Combat
 - Level 4.0 Spellcasting
 + Level 11.5 Conjurations
 + Level 4.2 Fire Magic


You had 4 spell levels left.
You knew the following spells:

 Your Spells              Type           Power      Damage    Failure   Level
a - Magic Dart            Conj           100%       1d8       1%          1
b - Searing Ray           Conj           100%       2d8       1%          2
c - Iskenderun's Mystic   Conj/Tloc      44%        2d10      1%          4
d - Sublimation of Blood  Necr           4%         N/A       9%          2
e - Foxfire               Conj/Fire      100%       2x1d9     1%          1
f - Flame Wave            Conj/Fire      56%        2d13      1%          4

Your spell library contained the following spells:

 Spells                   Type           Power      Damage    Failure   Level
 Ignite Poison            Fire/Tmut/Pois 10%        N/A       3%          3
 Conjure Flame            Conj/Fire      56%        6-21      1%          3
 Dazzling Flash           Conj/Hex       88%        N/A       1%          3
 Fulminant Prism          Conj/Hex       22%        3d13      1%          4
 Inner Flame              Hex/Fire       13%        N/A       2%          3
 Frozen Ramparts          Ice            8%         1d2       4%          3
 Ensorcelled Hibernation  Hex/Ice        8%         N/A       9%          2
 Spider Form              Tmut/Pois      4%         N/A       16%         3
 Anguish                  Hex/Necr       2%         N/A       45%         4
 Ice Form                 Ice/Tmut       4%         N/A       45%         4
 Petrify                  Tmut/Erth      4%         N/A       45%         4
 Summon Ice Beast         Ice/Summ       4%         N/A       45%         4
 Irradiate                Conj/Tmut      22%        3d19      4%          5


Dungeon Overview and Level Annotations

Branches:
Dungeon (10/15)            Temple (1/1) D:6             Orc (0/2) D:9
   Lair: D:8-11

Altars:
Ashenzari
Cheibriados
Dithmenos
Elyvilon
Fedhas
Gozag
Hepliaklqana
Kikubaaqudgha
Makhleb
Nemelex Xobeh
Okawaru
Qazlal
Ru
Sif Muna
Trog
Uskayaw
Vehumet
Wu Jian
Xom
Yredelemnul
Zin
The Shining One


Innate Abilities, Weirdness & Mutations

You can breathe blasts of fire.
Your fiery red scales are hard. (AC +7)
You cannot fit into any form of body armour.
Your flesh is heat resistant. (rF+)
You are cold-blooded and may be slowed by cold attacks.


Message History

The centaur warrior wields a +0 shortbow.
The centaur warrior shoots an arrow.
The arrow hits you!!
* * * LOW HITPOINT WARNING * * *
You see here a killer bee corpse.
As you read the scroll of teleportation, it crumbles to dust.
You feel strangely unstable.
The centaur warrior shoots an arrow.
You block the arrow.
The centaur warrior shoots an arrow.
The arrow hits you.
* * * LOW HITPOINT WARNING * * *
It was a potion of heal wounds.
You feel much better.
The centaur warrior shoots an arrow.
The arrow completely misses you.
Your surroundings suddenly seem different.
A komodo dragon comes into view.
Found a ring mail.
The komodo dragon hisses angrily.
Casting: Magic Dart (safe; 1% risk of failure)
Confirm with . or Enter, or press ? or * to list all spells.
Aiming: Searing Ray (safe; 1% risk of failure)
Press: ? - help, Shift-Dir - straight line, f - komodo dragon
Aim: a komodo dragon (87% to hit)
You feel a surge of power!
The searing ray hits the komodo dragon.
The komodo dragon is lightly wounded. (Press . to maintain the ray.) Unknown command.
The searing ray hits the komodo dragon but does no damage.
The komodo dragon is lightly wounded.
The komodo dragon bites you.
The searing ray hits the komodo dragon!
The komodo dragon is moderately wounded.
The komodo dragon completely misses you.
Without enough magic to sustain it, your searing ray dissipates.
The komodo dragon bites you!!
* * * LOW HITPOINT WARNING * * *
Aiming: Fastroot
Press: ? - help, Shift-Dir - straight line, f/p - komodo dragon
Aim: a komodo dragon (moderately wounded)
The roots erupt in riotous growth!
Roots grab the komodo dragon.
The grasping roots constrict the komodo dragon.
The komodo dragon bites you!
You die...

#..# #c.# ....
#..# #.......#
#..# #.......#
#..# #
#.......#
#..## #.
#.......#
.....
#.###....[..##
<..##
#............#
.....
#..@l........#
.....
#..#......#
...#
#..#.#...## #
.## #..#.##.##
## # # #..#.#
## .# .#
#..#.# ## .#
.. ...#.#
#####.##...
...#.#
.........# #..


You could see a komodo dragon (rooted).

Vanquished Creatures
  A komodo dragon (D:7)
  A troll (D:10)
  Sigmund (D:2)
  2 wraiths (D:10)
  8 yaks
  Edmund (D:4)
  An acid dragon (D:9)
  4 water moccasins
  4 orc warriors
  6 black bears
  An ice beast (D:6)
  2 ogres
  5 centaurs
  A phantom (D:6)
  A kobold brigand (D:10)
  8 bullfrogs
  6 scorpions
  18 wights
  21 killer bees
  3 howler monkeys
  2 electric eels (D:8)
  A jelly (D:4)
  7 orc priests
  4 hounds
  A gnoll bouda (D:5)
  5 iguanas
  Ijyb (D:5)
  10 orc wizards
  11 adders
  13 gnolls
  A shadow imp (D:6)
  3 dart slugs
  3 worms
  33 orcs
  5 endoplasms
  A giant cockroach (D:1)
  5 goblins
  5 hobgoblins
  2 jackals (D:1)
  5 quokkas
  5 ball pythons
  6 frilled lizards
  13 kobolds
  5 rats
242 creatures vanquished.

Vanquished Creatures (others)
  A foxfire (D:9)
  49 fungi (D:10)
  63 plants
113 creatures vanquished.

Grand Total: 355 creatures vanquished

Notes
Turn   | Place    | Note
-------+----------+-------------------------------------------
     0 | D:1      | Jabberih the Draconian Conjurer began the quest for the
                  | Orb.
     0 | D:1      | Reached XP level 1. HP: 14/14 MP: 3/3
   460 | D:1      | Reached XP level 2. HP: 15/22 MP: 0/5
   466 | D:1      | Learned a level 2 spell: Searing Ray
  1069 | D:2      | Reached skill level 1 in Fighting
  1115 | D:2      | Reached XP level 3. HP: 28/28 MP: 2/6
  1403 | D:2      | Reached skill level 5 in Conjurations
  1816 | D:2      | Found a faded altar of an unknown god.
  1866 | D:2      | Reached XP level 4. HP: 36/36 MP: 1/7
  1933 | D:2      | Learned a level 4 spell: Iskenderun's Mystic Blast
  1966 | D:2      | Noticed Sigmund
  1975 | D:2      | Killed Sigmund
  1976 | D:2      | Reached skill level 1 in Unarmed Combat
  1976 | D:2      | Reached skill level 6 in Conjurations
  1976 | D:2      | Reached XP level 5. HP: 37/44 MP: 4/8
  2784 | D:3      | Found a radiant altar of Vehumet.
  3234 | D:3      | Found a shadowy altar of Dithmenos.
  3394 | D:3      | Reached XP level 6. HP: 50/50 MP: 3/9
  3463 | D:3      | Found a hide-covered altar of Uskayaw.
  4165 | D:4      | Reached skill level 7 in Conjurations
  4168 | D:4      | Learned a level 2 spell: Sublimation of Blood
  4293 | D:4      | Your scales start taking on a fiery red colour.
  4293 | D:4      | Reached XP level 7. HP: 46/57 MP: 4/10
  4293 | D:4      | Gained mutation: Your flesh is heat resistant. (rF+) [Red
                  | Draconian growth]
  4843 | D:4      | Reached skill level 8 in Conjurations
  5409 | D:4      | Noticed Edmund
  5420 | D:4      | Killed Edmund
  5795 | D:5      | Entered Level 5 of the Dungeon
  5870 | D:5      | Noticed Ijyb
  5886 | D:5      | Killed Ijyb
  5887 | D:5      | Reached XP level 8. HP: 55/66 MP: 5/11
  6531 | D:5      | Reached skill level 9 in Conjurations
  7520 | D:6      | Reached XP level 9. HP: 59/70 MP: 12/15
  7523 | D:6      | Reached skill level 5 in Dodging
  7784 | D:6      | Reached skill level 5 in Fighting
  7912 | D:6      | Found a staircase to the Ecumenical Temple.
  7928 | Temple   | Entered the Ecumenical Temple
  8255 | D:3      | Became a worshipper of Vehumet
  8478 | D:6      | Reached skill level 10 in Conjurations
  8600 | D:6      | Found a glowing silver altar of Zin.
  9159 | D:7      | Noticed a komodo dragon
  9173 | D:7      | Killed a komodo dragon
  9576 | D:7      | Reached * piety under Vehumet
  9576 | D:7      | Offered knowledge of Freeze by Vehumet.
  9591 | D:7      | Found an ornate altar of the Wu Jian Council.
  9675 | D:7      | Found a burning altar of Makhleb.
 10043 | D:8      | Identified a scroll of acquirement
 10043 | D:8      | Acquired a staff of conjuration
 10108 | D:8      | Reached XP level 10. HP: 78/86 MP: 3/16
 10767 | D:8      | Reached skill level 1 in Shields
 11502 | D:8      | Offered knowledge of Foxfire by Vehumet.
 11504 | D:8      | Reached ** piety under Vehumet
 11505 | D:8      | Reached skill level 11 in Conjurations
 11586 | D:8      | Learned a level 1 spell: Foxfire
 11935 | D:9      | Reached skill level 1 in Fire Magic
 13343 | D:9      | Found a staircase to the Orcish Mines.
 13418 | D:9      | Offered knowledge of Ignite Poison by Vehumet.
 13766 | D:10     | Entered Level 10 of the Dungeon
 13766 | D:10     | Noticed a centaur warrior
 14560 | D:10     | Reached *** piety under Vehumet
 14561 | D:10     | Reached XP level 11. HP: 47/95 MP: 2/17
 14786 | D:10     | Learned a level 4 spell: Flame Wave
 14879 | D:10     | Slain by a komodo dragon

Illustrated notes

Levels and vault maps discovered:
D:1:      lemuel_arrival_rhombus, layout_rooms, minivault_11
D:2:      layout_loops_ring, nicolae_ecumenical_lake_church, uniq_sigmund
D:3:      layout_basic, mainiacjoe_overflow_six_doors_small,
          amcnicky_altar_gilded, nicolae_uskayaw_dance_hall,
          kennysheep_generic_room_4
D:4:      layout_layer_cave, uniq_edmund
D:5:      layout_basic, uniq_ijyb
D:6:      layout_basic, zin_academy, minmay_temple_entry_large_hall,
          minmay_misc_feat_nine_boxes, kennysheep_generic_room_10
D:7:      layout_loops_ring, lemuel_round_altar, lemuel_tele_altar,
          minmay_lizard_king
D:8:      layout_basic, enter_bailey_2, serial_bayou_lagoon_b
D:9:      layout_long_grid, minmay_orc_entry_temple_small, serial_glass,
          glass_columns_b, glass_columns_b, glass_columns_c
D:10:     kennysheep_seaside_town, layout_long_grid,
          due_lair_maze_entry_diamond, minmay_stone_trees_small,
          nicolae_straight_to_the_point
Temple:   nicolae_temple_slightly_damp_pantheon

Skill      XL: |  1  2  3  4  5  6  7  8  9 10 11 |
---------------+----------------------------------+-----
Fighting       | 1 2 3 4 7 8 |  8.5
Conjurations   | 5 6 7 8 9 10 11 | 11.5
Unarmed Combat | 1 |  1.3
Dodging        | 2 3 4 6 7 |  7.9
Spellcasting   | 4 |  4.0
Shields        | 4 |  4.0
Fire Magic     | 3 4 |  4.2
Short Blades   | |  0.4
Maces & Flails | |  0.1
Stealth        | |  1.7

Action                   |  1- 3 |  4- 6 |  7- 9 | 10-12 || total
-------------------------+-------+-------+-------+-------++-------
Melee: Unarmed           |    63 |       |       |       ||    63
       Tailslap          |     9 |       |    18 |     4 ||    31
       Short sword       |    14 |    14 |     3 |       ||    31
       Flail             |       |       |    15 |       ||    15
       Punch             |       |       |     1 |       ||     1
       Trident           |       |       |    88 |       ||    88
       Staff             |       |       |     3 |    63 ||    66
 Cast: Magic Dart        |    33 |    53 |    83 |    58 ||   227
       Searing Ray       |     6 |     8 |    48 |    45 ||   107
       Iskenderun's Myst |       |       |     3 |     9 ||    12
       Sublimation of Bl |       |       |       |     2 ||     2
       Foxfire           |       |       |       |     1 ||     1
       Flame Wave        |       |       |       |     3 ||     3
 Abil: Breathe Fire      |       |       |     4 |     5 ||     9
Evoke: Wand              |       |       |       |     4 ||     4
  Use: Potion            |       |     1 |     2 |     1 ||     4
       Scroll            |       |     5 |     7 |     3 ||    15
 Stab: Sleeping          |     1 |       |     1 |     1 ||     3
Armor: Skin              |    29 |    25 |    93 |   119 ||   266
Dodge: Dodged            |    58 |    13 |   168 |   206 ||   445
Block: Buckler           |       |       |       |    23 ||    23
